 Dungeon Sprint DCSS version 0.30-a0-272-gf98c3da03f (webtiles) character file.

Game seed: 9578471983167415088

1893 rocky1 the Arsonist (level 9, -6/78 HPs)
             Began as a Hill Orc Fire Elementalist on Oct 15, 2022.
             Was a Priest of Sif Muna.
             Mangled by an orc knight
             ... wielding a +0 dire flail
              (13 damage)
             ... in the Dungeon (Sprint III: "The Ten Rune Challenge") on Oct 16, 2022.
             The game lasted 00:06:04 (1422 turns).

rocky1 the Arsonist (Hill Orc Fire Elementalist)    Turns: 1422, Time: 00:06:06

Health: -6/78      AC:  2    Str: 11    XL:     9   Next: 15%
Magic:  13/21      EV: 12    Int: 19    God:    Sif Muna [***...]
Gold:   21         SH:  0    Dex: 11    Spells: 17/24 levels left

rFire   . . .      SeeInvis .    o - +1 long sword (holy)
rCold   . . .      Faith    .    (no shield)
rNeg    . . .      Spirit   .    a - +0 robe
rPois   .          Reflect  .    (no helmet)
rElec   .          Harm     .    (no cloak)
rCorr   .          Rampage  .    (no gloves)
Will    .....      NoTele   +    (no boots)
Stlth   ++........               (no amulet)
HPRegen 0.33/turn                (no ring)
MPRegen 0.17/turn                (no ring)

@: no status effects
A: no striking features
a: Renounce Religion, Channel Magic, Forget Spell


You were in the Dungeon.
You worshipped Sif Muna.
Sif Muna was most pleased with you.
You visited 1 branch You collected 21 gold pieces.

Inventory:

Hand Weapons
 n - a +0 dagger
 o - a +1 long sword of holy wrath (weapon)
Armour
 a - a +0 robe (worn)
Scrolls
 g - a scroll of blinking
 h - a scroll of poison {unknown}
 i - 2 scrolls of identify
 j - a scroll of immolation {unknown}
 k - a scroll of torment {unknown}
Potions
 b - 2 potions of magic
 c - 4 potions of curing
 e - a potion of haste
 f - 3 potions of mutation {unknown}
 l - a potion of attraction {unknown}
 m - 2 potions of flight {unknown}


   Skills:
 + Level 6.8 Fighting
 - Level 1.5 Dodging
 - Level 1.5 Stealth
 + Level 8.4 Spellcasting
 + Level 10.7 Conjurations
 + Level 12.1 Fire Magic
 - Level 7.5 Invocations


You had 17 spell levels left.
You knew the following spells:

 Your Spells              Type           Power      Damage    Failure   Level
a - Foxfire               Conj/Fire      100%       2x1d9     1%          1
b - Scorch                Fire           100%       2d10      1%          2
c - Flame Wave            Conj/Fire      51%        2d13      1%          4

Your spell library contained the following spells:

 Spells                   Type           Power      Damage    Failure   Level
 Inner Flame              Hex/Fire       30%        N/A       2%          3
 Kindle Blastsparks       Fire/Tloc/Air  46%        2d13      4%          3
 Ensorcelled Hibernation  Hex/Ice        14%        N/A       13%         2
 Passwall                 Tmut/Erth      5%         N/A       13%         2
 Gell's Gravitas          Tloc           7%         N/A       26%         3
 Lesser Beckoning         Tloc           14%        N/A       26%         3
 Swiftness                Air            7%         N/A       26%         3
 Teleport Other           Tloc           7%         N/A       26%         3


Dungeon Overview and Level Annotations

Branches:
Dungeon (1/1)

Altars:
Cheibriados
Dithmenos
Elyvilon
Fedhas
Gozag
Hepliaklqana
Kikubaaqudgha
Makhleb
Nemelex Xobeh
Okawaru
Qazlal
Ru
Sif Muna
Trog
Uskayaw
Vehumet
Wu Jian
Xom
Yredelemnul
Zin
The Shining One
Beogh
Jiyva
Lugonu

Shops:
D (


Message History

An orc knight is nearby!
Casting: Scorch (safe; 1% risk of failure)
Confirm with . or Enter, or press ? or * to list all spells.
Flames lash the orc knight.
The orc knight is lightly wounded.
The orc knight's fire resistance burns away.
The orc knight roars a battlecry!
Casting: Scorch (safe; 1% risk of failure)
Confirm with . or Enter, or press ? or * to list all spells.
Flames lash the orc knight but do no damage.
The orc knight shoots a bolt.
The bolt hits you!!
Casting: Scorch (safe; 1% risk of failure)
Confirm with . or Enter, or press ? or * to list all spells.
Flames lash the orc knight but do no damage.
The orc knight shoots a bolt.
The bolt hits you!!
* * * LOW HITPOINT WARNING * * *
The orc knight unwields a +0 arbalest.
The orc knight wields a +0 dire flail.
The orc knight hits you with a +0 dire flail!
* * * LOW HITPOINT WARNING * * *
Unknown command.
You feel much better.
The orc knight is no longer more vulnerable to fire.
The orc knight hits you with a +0 dire flail!!
* * * LOW HITPOINT WARNING * * *
Unknown command.
Casting: Scorch (safe; 1% risk of failure)
Confirm with . or Enter, or press ? or * to list all spells.
You don't know that spell.
Casting: Scorch (safe; 1% risk of failure)
Confirm with . or Enter, or press ? or * to list all spells.
Casting: Flame Wave (dangerous; 1% risk of failure)
Press: ? - help, Dir - look around, f - activate
Okay, then.
Casting: Flame Wave (dangerous; 1% risk of failure)
Confirm with . or Enter, or press ? or * to list all spells.
Flames lash the orc knight.
The orc knight is lightly wounded.
The orc knight's fire resistance burns away.
The orc knight hits you with a +0 dire flail!
You die...

#.......#..#..#...#__)#._#.$..oo
##.##...#..#..###'#'###'##$$ooo
##.###..##'#..#..........#$$.o
###.##..###...'.⌠......o.#oo$
#..##†.####...#...######)#.$
...##.†###....#o⌠.#__#...#o#####
..##...##.....#...#__#...#§§§§§+
.##....#.÷....#o###__#...#§#§§§#
###..##.#.....#.@.#__#...o.#.§.#
# #.. ####....#___#__'...#.#§..#
▓ ▓▓▓ ▓▓▓▓▓▓▓▓▓▓▓▓▓▓▓▓▓▓▓▓▓▓▓


You could see an orc knight (combustible) and an orc wizard (strong).

Vanquished Creatures
  Snorg (D)
  A deep elf pyromancer (D)
  A shadow (D)
  A spatial vortex (D)
  A necrophage (D)
  A water elemental (D)
  A jelly (D)
  A wizard (D)
  A necromancer (D)
  3 humans (D)
  A kobold demonologist (D)
  A wolf (D)
  2 orcs (D)
  An endoplasm (D)
  3 rats (D)
20 creatures vanquished.

Vanquished Creatures (others)
  21 foxfires (D)
21 creatures vanquished.

Grand Total: 41 creatures vanquished

Notes
Turn   | Place    | Note
-------+----------+-------------------------------------------
     0 | D        | rocky1 the Hill Orc Fire Elementalist began the quest for
                  | the Orb.
     0 | D        | Reached XP level 1. HP: 14/14 MP: 3/3
   111 | D        | Reached skill level 4 in Fire Magic
   111 | D        | Reached XP level 2. HP: 20/20 MP: 0/5
   153 | D        | Learned a level 2 spell: Scorch
   169 | D        | Reached skill level 5 in Fire Magic
   169 | D        | Reached XP level 3. HP: 16/26 MP: 0/7
   339 | D        | Noticed a water elemental
   345 | D        | Killed a water elemental
   346 | D        | Reached skill level 6 in Fire Magic
   346 | D        | Reached XP level 4. HP: 21/33 MP: 0/10
   433 | D        | Found a radiant altar of Vehumet.
   433 | D        | Found a shimmering blue altar of Sif Muna.
   433 | D        | Found an ancient bone altar of Kikubaaqudgha.
   433 | D        | Noticed a wizard
   438 | D        | Killed a wizard
   439 | D        | Reached skill level 5 in Conjurations
   439 | D        | Reached XP level 5. HP: 38/38 MP: 0/11
   443 | D        | Reached skill level 7 in Fire Magic
   457 | D        | Became a worshipper of Sif Muna the Loreminder
   470 | D        | Found a glowing silver altar of Zin.
   470 | D        | Found a glowing golden altar of the Shining One.
   470 | D        | Found a white marble altar of Elyvilon.
   470 | D        | Noticed a deep elf pyromancer
   474 | D        | Killed a deep elf pyromancer
   475 | D        | Reached skill level 10 in Fire Magic
   475 | D        | Reached XP level 6. HP: 30/45 MP: 3/16
   475 | D        | Reached XP level 7. HP: 33/50 MP: 3/17
   541 | D        | Found a hide-covered altar of Uskayaw.
   541 | D        | Found a roughly hewn altar of Beogh.
   541 | D        | Found an iron altar of Okawaru.
   541 | D        | Found a bloodstained altar of Trog.
   541 | D        | Found an ornate altar of the Wu Jian Council.
   541 | D        | Noticed a human
   541 | D        | Noticed a human
   545 | D        | Killed a human
   550 | D        | Killed a human
   550 | D        | Reached * piety under Sif Muna
   551 | D        | Reached XP level 8. HP: 26/63 MP: 0/19
   688 | D        | Found a basalt altar of Yredelemnul.
   688 | D        | Found a shadowy altar of Dithmenos.
   688 | D        | Found a sacrificial altar of Ru.
   694 | D        | Reached skill level 11 in Fire Magic
   763 | D        | Noticed a shadow
   770 | D        | Reached ** piety under Sif Muna
   771 | D        | HP: 3/66 [something (29)]
   773 | D        | Killed a shadow
   774 | D        | Reached skill level 5 in Invocations
  1007 | D        | Found a blossoming altar of Fedhas.
  1007 | D        | Found a stormy altar of Qazlal.
  1007 | D        | Found a snail-covered altar of Cheibriados.
  1007 | D        | Found a burning altar of Makhleb.
  1007 | D        | Found a shimmering altar of Xom.
  1008 | D        | Found a hazy altar of Hepliaklqana.
  1008 | D        | Found an opulent altar of Gozag.
  1008 | D        | Found a sparkling altar of Nemelex Xobeh.
  1008 | D        | Found a corrupted altar of Lugonu.
  1008 | D        | Found a viscous altar of Jiyva.
  1030 | D        | Reached skill level 5 in Fighting
  1030 | D        | Reached skill level 10 in Conjurations
  1233 | D        | Learned a level 4 spell: Flame Wave
  1238 | D        | Noticed Snorg
  1247 | D        | Killed Snorg
  1248 | D        | Reached skill level 12 in Fire Magic
  1248 | D        | Reached XP level 9. HP: 34/78 MP: 7/21
  1390 | D        | Found Wotzewouc's Weapon Shoppe.
  1390 | D        | Noticed an orc knight
  1402 | D        | Reached *** piety under Sif Muna
  1422 | D        | Mangled by an orc knight

Illustrated notes

Levels and vault maps discovered:
D:        dungeon_sprint_mu [sprint_mu_entry_cave, sprint_mu_temple_rooms,
          sprint_mu_d1_horrors, sprint_mu_d2_genie, sprint_mu_d3_branching,
          sprint_mu_orc_legion, sprint_mu_elf_gauntlet, sprint_mu_hive_nellie,
          sprint_mu_lair_fedhas, sprint_mu_vaults_butterflies,
          sprint_mu_slime_circle, sprint_mu_swamp_cave, sprint_mu_shoals_kraken,
          sprint_mu_blade_basic, sprint_mu_crypt_chambers,
          sprint_mu_tomb_spiral, sprint_mu_vestibule_basic,
          sprint_mu_gehenna_hellfire, sprint_mu_dis_giant,
          sprint_mu_tartarus_statrot, sprint_mu_cocytus_islands, sprint_mu_zot1]

Skill      XL: |  1  2  3  4  5  6  7  8 |
---------------+-------------------------+-----
Spellcasting   | 2 3 4 7 8 |  8.4
Conjurations   | 3 4 5 9 10 | 10.7
Fire Magic     | 4 5 6 10 12 | 12.1
Fighting       | 3 6 |  6.8
Invocations    | 3 7 |  7.5
Dodging        | |  1.5
Stealth        | |  1.5

Action                   |  1- 3 |  4- 6 |  7- 9 || total
-------------------------+-------+-------+-------++-------
Melee: Unarmed           |    17 |       |       ||    17
       Long sword        |       |       |    20 ||    20
 Cast: Foxfire           |    10 |     1 |       ||    11
       Scorch            |     5 |    10 |    29 ||    44
  Use: Potion            |     1 |     1 |     2 ||     4
Armor: Robe              |     4 |       |     2 ||     6
Dodge: Dodged            |     9 |     6 |    12 ||    27

Table legend: (Time is in decaauts)
 A = Elapsed time spent in this place.
 B = Non-inter-level travel time spent in this place.
 C = Inter-level travel time spent in this place.
 D = Time resting spent in this place.
 E = Time spent auto-exploring this place.
 F = Levels seen in this place.
 G = Mean time per level.
                   A        B        C        D        E       F      G
               +--------+--------+--------+--------+--------+-----+--------+
         Total |   1438 |   1438 |      0 |   1065 |      0 |   1 | 1438.0 |
       Dungeon |   1438 |   1438 |      0 |   1065 |      0 |   1 | 1438.0 |
               +--------+--------+--------+--------+--------+-----+--------+

Top non-repeatable levels by time:
       D: 1438 daAuts
